 Dungeon Crawl Stone Soup version 0.30.1-4-g462c640d31 (webtiles) character file.

Game seed: 1590767089940520954

129 HagarQim the Digger (level 4, -4/24 HPs)
             Began as a Deep Elf Earth Elementalist on Aug 18, 2023.
             Engulfed by a cloud of poison gas (5 damage)
             ... on level 3 of the Dungeon.
             The game lasted 00:09:46 (2527 turns).

HagarQim the Digger (Deep Elf Earth Elementalist)   Turns: 2527, Time: 00:09:47

Health: -4/24      AC:  3    Str:  5    XL:     4   Next: 88%
Magic:  11/12      EV: 12    Int: 22    God:
Gold:   239        SH:  0    Dex: 15    Spells: 6/12 levels left

rFire   . . .        e - +0 dagger
rCold   . . .        (no shield)
rNeg    . . .        a - +0 robe
rPois   .            (no helmet)
rElec   .            (no cloak)
rCorr   +            (no gloves)
SInv    .            n - +0 pair of boots
Will    +....        (no amulet)
Stlth   ++           k - ring of willpower
HPRegen 0.24/turn    s - ring of resist corrosion
MPRegen 0.13/turn

%: no passive effects
@: lethally poisoned (-4 -> -32), flying
A: no striking features
a: no special abilities


You were on level 3 of the Dungeon.
You visited 1 branch of the dungeon, and saw 3 of its levels.

You collected 239 gold pieces.

Inventory:

Hand Weapons
 e - a +0 dagger (weapon)
Missiles
 w - 4 poisoned darts
Armour
 a - a +0 robe (worn)
 n - a +0 pair of boots (worn)
 u - an orb of light
Jewellery
 k - a ring of willpower (left hand)
 o - a ring of fire
 s - a ring of resist corrosion (right hand)
Scrolls
 f - a scroll of teleportation {unknown}
 g - a scroll of identify
 p - a scroll of fear {unknown}
 q - a scroll of enchant weapon {unknown}
 r - a scroll of poison
 v - a scroll of blinking
 x - a scroll of summoning {unknown}
 y - a scroll of magic mapping {unknown}
Potions
 b - 2 potions of magic
 c - a potion of attraction {unknown}
 d - a potion of flight
 h - 2 potions of curing {unknown}
 i - 2 potions of heal wounds {unknown}
 j - a potion of might {unknown}
 l - a potion of ambrosia {unknown}
 m - 2 potions of mutation {unknown}


   Skills:
 + Level 0.1 Fighting
 + Level 0.4 Short Blades
 + Level 2.5 Dodging
 + Level 2.8 Stealth
 + Level 4.6 Spellcasting
 * Level 1.1 Conjurations
 + Level 1.1 Transmutations
 + Level 4.8 Earth Magic


You had 6 spell levels left.
You knew the following spells:

 Your Spells              Type           Power      Damage    Failure   Level
a - Sandblast             Erth           52%        2d12      1%          1
b - Passwall              Tmut/Erth      15%        N/A       4%          2
c - Stone Arrow           Conj/Erth      36%        3d9       9%          3

Your spell library contained the following spells:

 Spells                   Type           Power      Damage    Failure   Level
 Petrify                  Tmut/Erth      18%        N/A       30%         4
 Tukima's Dance           Hex            5%         N/A       32%         3
 Passage of Golubria      Tloc           5%         N/A       71%         4
 Yara's Violent Unravell  Hex/Tmut       3%         3d4       93%         5


Dungeon Overview and Level Annotations

Branches:
Dungeon (3/15)

Altars:

Shops:
D:3 [


Message History

Casting: Sandblast (safe; 1% risk of failure)
Confirm with . or Enter, or press ? or * to list all spells.
Aiming: Sandblast (safe; 1% risk of failure)
Press: ? - help, Shift-Dir - straight line, f - adder
Aim: an adder (72% to hit)
The blast of sand misses the adder.
The adder misses you. The adder closely misses you.
Aiming: Sandblast (safe; 1% risk of failure)
Press: ? - help, Q - select action, (/) - cycle Shift-Dir - straight line, f/p - adder
Aim: an adder (72% to hit)
Okay, then.
As you read the scroll labelled JARUTR CUAMA, it crumbles to dust.
It is a scroll of identify.
r - 2 scrolls of poison The adder closely misses you.
Okay, then.
Unknown command.
Okay, then.
Really read the scroll of poison?
The air fills with toxic fumes!
As you read the scroll of poison, it crumbles to dust.
The orc hits you with a +0 dagger. The adder barely misses you.
As you read the scroll labelled FUCOZEUPT, it crumbles to dust.
You hear a loud clanging noise!
It was a scroll of noise.
You hear a shout! x2
The adder barely misses you. The orc barely misses you. The adder bites you.
Blink to where?
Press: ? - help, Dir - move target, p - adder Really blink into that cloud of poison gas?
As you read the scroll labelled QAANTUMUKH, it crumbles to dust.
It was a scroll of blinking.
You are engulfed in poison gas.
You are lethally poisoned!
* * * LOW HITPOINT WARNING * * *
x2 You feel very sick.
It was a potion of flight.
You feel very buoyant.
You fly up into the air.
You are engulfed in poison gas.
You are more poisoned.
You die...

#.##................#
..##................#
####...............#
#..................#
...##...............#
### ##.............##
#......#.....##
#.##.######.## #.##.#
#@# #.#..# #§# .. #§#
#§# #§# ##### ..o....
#§#.....# .......
#§#.....#
...o...####o#.....#
.?.........S......#


You could see an orc.

Vanquished Creatures
  3 gnolls (D:2)
  3 adders (D:2)
  2 worms (D:2)
  5 dart slugs
  5 ball pythons
  4 endoplasms
  A giant cockroach (D:3)
  5 hobgoblins
  3 jackals (D:1)
  6 kobolds
  4 quokkas
  4 bats
  2 frilled lizards
  3 goblins (D:1)
  6 rats
56 creatures vanquished.

Notes
Turn   | Place    | Note
-------+----------+-------------------------------------------
     0 | D:1      | HagarQim the Deep Elf Earth Elementalist began the quest
                  | for the Orb.
     0 | D:1      | Reached XP level 1. HP: 10/10 MP: 6/6
   210 | D:1      | Reached XP level 2. HP: 15/15 MP: 5/8
   236 | D:1      | Learned a level 2 spell: Passwall
   841 | D:1      | Reached XP level 3. HP: 19/19 MP: 7/10
  1545 | D:2      | Reached XP level 4. HP: 24/24 MP: 7/12
  1582 | D:2      | Learned a level 3 spell: Stone Arrow
  1815 | D:2      | Reached skill level 1 in Conjurations
  2500 | D:3      | Found Yzyd's Armour Emporium.
  2526 | D:3      | HP: 1/24 [poisoned by you (poison gas)]
  2527 | D:3      | Engulfed by a cloud of poison gas

Illustrated notes

Levels and vault maps discovered:
D:1:      dpeg_arrival_castle, layout_basic, minmay_small_reverse_x
D:2:      layout_loops_cross, ebering_dispersal_statue_hall,
          minmay_misc_feat_encased, kennysheep_generic_room_6
D:3:      layout_rooms, serial_shops, shop, kennysheep_donut, grunt_ministairs_5

Skill      XL: |  1  2  3  4 |
---------------+-------------+-----
Earth Magic    | 4 |  4.8
Spellcasting   | 4 |  4.6
Conjurations   | 1 |  1.1
Fighting       | |  0.1
Short Blades   | |  0.4
Dodging        | |  2.5
Stealth        | |  2.8
Transmutations | |  1.1

Action                     |  1- 3 |  4- 6 || total
---------------------------+-------+-------++-------
  Melee: Dagger            |     6 |    20 ||    26
   Cast: Sandblast         |    48 |    22 ||    70
         Passwall          |     2 |       ||     2
    Use: Scroll            |       |     4 ||     4
         Potion            |       |     1 ||     1
   Stab: Sleeping          |       |     2 ||     2
 Armour: Robe              |     3 |     5 ||     8
  Dodge: Dodged            |     9 |    25 ||    34
